 Dungeon Crawl Stone Soup version 0.28-a0-751-gef3a642a4e (webtiles) character file.

Game seed: 10691436788122477262

271 pokeman the Magician (level 6, -3/34 HPs)
             Began as a Deep Elf Hedge Wizard on Oct 30, 2021.
             Slain by a phantom (6 damage)
             ... on level 6 of the Dungeon.
             The game lasted 00:09:11 (3583 turns).

pokeman the Magician (Deep Elf Hedge Wizard)        Turns: 3583, Time: 00:09:13

Health: -3/34      AC:  5    Str:  7    XL:     6   Next: 2%
Magic:  0/17       EV: 12    Int: 21    God:
Gold:   114        SH:  0    Dex: 14    Spells: 7/18 levels left

rFire   . . .      SeeInvis .   j - +2 dagger (venom)
rCold   . . .      Faith    .   (no shield)
rNeg    . . .      Spirit   .   f - +0 leather armour
rPois   .          Reflect  .   o - +0 helmet
rElec   .          Harm     .   m - +0 cloak
rCorr   .          Rampage  .   (no gloves)
Will    .....                   (no boots)
Stlth   ++........              (no amulet)
HPRegen 0.11/turn               (no ring)
MPRegen 0.15/turn               (no ring)

@: no status effects
A: no striking features
a: no special abilities


You were on level 6 of the Dungeon.
You visited 1 branch of the dungeon, and saw 4 of its levels.

You collected 114 gold pieces.

Inventory:

Hand Weapons
 j - a +2 dagger of venom (weapon)
 l - a +3 quarterstaff of chaos
 p - a +0 shortbow
Missiles
 b - 82 arrows
Armour
 f - a +0 leather armour (worn)
 m - a +0 cloak (worn)
 o - a +0 helmet (worn)
Wands
 h - a wand of flame (5)
Scrolls
 a - a scroll of fog {unknown}
 d - 7 scrolls of identify {unknown}
 e - 2 scrolls of blinking {unknown}
 g - 2 scrolls of summoning {unknown}
 i - a scroll of enchant armour {unknown}
Potions
 c - a potion of cancellation {unknown}
 k - 2 potions of attraction {unknown}
 n - a potion of flight {unknown}


   Skills:
 - Level 1.0 Fighting
 - Level 1.0 Armour
 - Level 3.0 Dodging
 - Level 3.0 Stealth
 * Level 6.7 Spellcasting
 + Level 3.0 Conjurations
 - Level 1.1 Summonings
 - Level 1.1 Translocations
 - Level 1.0 Fire Magic
 - Level 1.5 Air Magic
 + Level 0.0 Poison Magic
 + Level 0.0 Evocations


You had 7 spell levels left.
You knew the following spells:

 Your Spells              Type           Power      Damage    Failure   Level
a - Magic Dart            Conj           76%        1d6       3%          1
b - Mephitic Cloud        Conj/Pois/Air  13%        N/A       22%         3
c - Call Imp              Summ           11%        N/A       13%         2
d - Blink                 Tloc           22%        N/A       13%         2
e - Conjure Flame         Conj/Fire      15%        6-21      17%         3

Your spell library contained the following spells:

 Spells                   Type           Power      Damage    Failure   Level
 Summon Small Mammal      Summ           44%        N/A       9%          1
 Slow                     Hex            28%        N/A       13%         1
 Call Canine Familiar     Summ           11%        N/A       26%         3
 Summon Guardian Golem    Hex/Summ       9%         N/A       32%         3


Dungeon Overview and Level Annotations

Branches:
Dungeon (3/15)

Altars:
Qazlal
Uskayaw


Message History

Press: ? - help, Shift-Dir - straight line, f/p - phantom
Aim: a phantom (almost destroyed, 100% to hit)
The magic dart hits the phantom but does no damage.
The phantom is almost destroyed.
The phantom closely misses you.
Your magical contamination has completely faded away.
Casting: Magic Dart (safe; 3% risk of failure)
Confirm with . or Enter, or press ? or * to list all spells.
Aiming: Magic Dart (safe; 3% risk of failure)
Press: ? - help, Shift-Dir - straight line, f/p - phantom
Aim: a phantom (almost destroyed, 100% to hit)
The magic dart hits the phantom.
The phantom is almost destroyed.
The phantom barely misses you.
You completely miss the phantom.
The phantom is almost destroyed.
The phantom hits you.
* * * LOW HITPOINT WARNING * * *
The phantom blinks!
You blink.
Casting: Magic Dart (safe; 3% risk of failure)
Confirm with . or Enter, or press ? or * to list all spells.
Aiming: Magic Dart (safe; 3% risk of failure)
Press: ? - help, Shift-Dir - straight line, f/p - phantom
Aim: a phantom (almost destroyed, 100% to hit)
The magic dart hits the phantom but does no damage.
The phantom is almost destroyed.
The phantom closely misses you.
You closely miss the phantom.
The phantom is almost destroyed.
The phantom closely misses you.
Found a runed hand axe.
Casting: Magic Dart (safe; 3% risk of failure)
Confirm with . or Enter, or press ? or * to list all spells.
Aiming: Magic Dart (safe; 3% risk of failure)
Press: ? - help, Shift-Dir - straight line, f/p - phantom
Aim: a phantom (almost destroyed, 100% to hit)
The magic dart hits the phantom.
The phantom is almost destroyed.
The phantom hits you.
You die...

#)# #.#
#.# #.#
#.# #.#
#.# #@#
#W# #.#
#.# #.#
########.#
#........#
#.########
#.#


You could see a phantom.

Vanquished Creatures
  A centaur (D:6)
  A howler monkey (D:3)
  A hound (D:6)
  Crazy Yiuf (D:3)
  Ijyb (D:3)
  Robin (D:3)
  An adder (D:2)
  A worm (D:2)
  2 dart slugs (D:2)
  A bat (D:1)
  4 endoplasms
  11 goblins
  15 hobgoblins
  3 quokkas
  5 ball pythons
  A frilled lizard (D:2)
  A kobold (D:1)
  2 rats
53 creatures vanquished.

Notes
Turn   | Place    | Note
-------+----------+-------------------------------------------
     0 | D:1      | pokeman the Deep Elf Hedge Wizard began the quest for the
                  | Orb.
     0 | D:1      | Reached XP level 1. HP: 10/10 MP: 7/7
   420 | D:1      | Reached XP level 2. HP: 15/15 MP: 5/9
   645 | D:1      | Found a faded altar of an unknown god.
   820 | D:1      | Reached skill level 5 in Spellcasting
  1098 | D:2      | Found a hide-covered altar of Uskayaw.
  1286 | D:2      | Reached XP level 3. HP: 6/20 MP: 1/11
  1290 | D:2      | Learned a level 3 spell: Mephitic Cloud
  1293 | D:2      | Learned a level 2 spell: Call Imp
  1296 | D:2      | Learned a level 2 spell: Blink
  1300 | D:2      | Learned a level 3 spell: Conjure Flame
  1940 | D:2      | Reached skill level 1 in Fighting
  1940 | D:2      | Reached skill level 1 in Armour
  2238 | D:3      | Found a runed translucent door.
  2239 | D:3      | Noticed Crazy Yiuf
  2254 | D:3      | Killed Crazy Yiuf
  2255 | D:3      | Reached XP level 4. HP: 25/25 MP: 3/13
  2500 | D:3      | Noticed Ijyb
  2547 | D:3      | Killed Ijyb
  2548 | D:3      | Reached skill level 1 in Fire Magic
  2552 | D:3      | Reached skill level 6 in Spellcasting
  2552 | D:3      | Reached XP level 5. HP: 10/29 MP: 2/15
  2879 | D:3      | Noticed Robin
  2893 | D:3      | Killed Robin
  3175 | D:3      | You fall into a shaft and drop 3 floors!
  3180 | D:6      | Noticed a centaur
  3195 | D:6      | Killed a centaur
  3196 | D:6      | Reached skill level 1 in Air Magic
  3370 | D:6      | Found a stormy altar of Qazlal.
  3380 | D:6      | Reached XP level 6. HP: 26/34 MP: 8/17
  3571 | D:6      | HP: 1/34 [phantom (3)]
  3583 | D:6      | Slain by a phantom

Illustrated notes

Levels and vault maps discovered:
D:1:      dpeg_arrival_snail, layout_basic, ebering_ecumenical_altar_webs
D:2:      layout_rooms, basic_altar, serial_glass, glass_columns_b,
          glass_columns_c, minmay_distorted
D:3:      layout_loops_ring, minmay_splitting_lines, minmay_door_square,
          uniq_robin, uniq_ijyb, uniq_crazy_yiuf_cottage
D:6:      layout_loops_ring, nicolae_qazlal_general_emergency,
          guppyfry_shop_venom, uniq_grinder

Skill      XL: |  1  2  3  4  5 |
---------------+----------------+-----
Spellcasting   | 5 6 |  6.7
Fighting       | 1 |  1.0
Armour         | 1 |  1.0
Conjurations   | 2 3 |  3.0
Fire Magic     | 1 |  1.0
Dodging        | 3 |  3.0
Air Magic      | 1 |  1.5
Stealth        | 3 |  3.0
Summonings     | |  1.1
Translocations | |  1.1

Action                   |  1- 3 |  4- 6 || total
-------------------------+-------+-------++-------
Melee: Dagger            |    14 |    12 ||    26
       Quarterstaff      |       |    18 ||    18
 Cast: Magic Dart        |    93 |    56 ||   149
       Call Imp          |     2 |       ||     2
       Mephitic Cloud    |     1 |     4 ||     5
  Use: Potion            |       |     2 ||     2
 Stab: Confused          |       |     2 ||     2
Armor: Leather armour    |     3 |    12 ||    15
Dodge: Dodged            |     6 |    44 ||    50

Table legend: (Time is in decaauts)
 A = Elapsed time spent in this place.
 B = Non-inter-level travel time spent in this place.
 C = Inter-level travel time spent in this place.
 D = Time resting spent in this place.
 E = Time spent auto-exploring this place.
 F = Levels seen in this place.
 G = Mean time per level.
                   A        B        C        D        E       F      G
               +--------+--------+--------+--------+--------+-----+--------+
         Total |   3586 |   3541 |     45 |      0 |   3060 |   4 |  896.5 |
       Dungeon |   3586 |   3541 |     45 |      0 |   3060 |   4 |  896.5 |
               +--------+--------+--------+--------+--------+-----+--------+

Top non-repeatable levels by time:
     D:3: 1113 daAuts
     D:1: 1097 daAuts
     D:2: 968 daAuts
     D:6: 407 daAuts
